 Dungeon Crawl Stone Soup version 0.23-a0-558-g30802b1 (webtiles) character file.

343 EvilAliv3 the Skirmisher (level 6, 0/56 HPs)
             Began as a Draconian Abyssal Knight on Dec 11, 2018.
             Was a Believer of Lugonu.
             Slain by Grinder (9 damage)
             ... on level 5 of the Dungeon.
             The game lasted 00:34:14 (4621 turns).

EvilAliv3 the Skirmisher (Draconian Abyssal Knight) Turns: 4621, Time: 00:34:14

Health: 0/56       AC:  7    Str: 16    XL:     6   Next: 31%
Magic:  9/9        EV: 13    Int: 13    God:    Lugonu [**....]
Gold:   111        SH:  0    Dex: 10    Spells: 5/5 levels left

rFire    . . .     SeeInvis .   a - +1 falchion
rCold    . . .     Gourm    .   (no shield)
rNeg     . . .     Faith    .   (armour unavailable)
rPois    .         Spirit   .   (helmet restricted)
rElec    .         Reflect  .   k - +0 cloak
rCorr    .         Harm     .   (no gloves)
MR       .....                  (no boots)
Stlth    +.........             (no amulet)
HPRegen  0.18/turn              (no ring)
MPRegen  0.11/turn              (no ring)

@: no status effects
A: unfitting armour, cold-blooded, AC +6
a: Depart the Abyss, Bend Space, Renounce Religion


You were on level 5 of the Dungeon.
You worshipped Lugonu.
Lugonu was pleased with you.
You were hungry.

You visited 1 branch of the dungeon, and saw 5 of its levels.
You visited the Abyss 1 time.

You collected 111 gold pieces.

Inventory:

Hand Weapons
 a - a +1 falchion (weapon)
 b - a +0 blowgun
 l - a +0 hunting sling
Missiles
 c - 4 javelins (quivered)
 h - 20 bolts
 i - 89 stones
 r - 30 poisoned needles
Armour
 k - a +0 cloak (worn)
Jewellery
 t - a +2 ring of dexterity {unknown}
Scrolls
 d - a scroll of immolation {unknown}
 e - a scroll of teleportation {unknown}
 g - a scroll of fog {unknown}
 j - 3 scrolls of identify
 n - 2 scrolls of remove curse {unknown}
 p - a scroll of random uselessness {unknown}
 u - a scroll of blinking {unknown}
Potions
 f - a potion of brilliance
 m - 2 potions of flight
 o - a potion of curing {unknown}
Comestibles
 q - 9 rations
 s - a chunk of flesh


   Skills:
 + Level 5.2 Fighting
 - Level 2.0 Long Blades
 + Level 3.9 Dodging
 + Level 4.5 Invocations


You had 5 spell levels left.
You didn't know any spells.
Your spell library contained the following spells:

 Spells                   Type           Power        Failure   Level  Hunger
 Sublimation of Blood     Necr           #.........   43%         2    ###....
 Ignite Poison            Fire/Tmut/Pois #.......     67%         3    ####...
 Petrify                  Tmut/Erth      #.......     97%         4    #####..
 Alistair's Intoxication  Tmut/Pois      #.......     100%        5    ######.
 Irradiate                Conj/Tmut      #.........   100%        5    ######.


Dungeon Overview and Level Annotations

Branches:
Dungeon (5/15)
 Temple: D:4-7

Altars:
Fedhas
Kikubaaqudgha
Yredelemnul

Annotations:
D:3 Sigmund
D:4 Blork the orc
D:5 Grinder


Innate Abilities, Weirdness & Mutations

Your plain brown scales are hard. (AC +6)
You cannot fit into any form of body armour.
You are cold-blooded and may be slowed by cold attacks.


Message History

You hit Grinder.
Grinder is moderately wounded.
Grinder hits you.
You hit Grinder.
Grinder is heavily wounded.
Grinder hits you but does no damage.
You hit Grinder but do no damage.
Grinder is heavily wounded.
Grinder barely misses you.
You hit Grinder.
Grinder is severely wounded.
Grinder gestures at you.
You barely resist. You hit Grinder. You tail-slap Grinder.
Grinder is almost dead.
Grinder gestures at you. Pain shoots through your body!
* * * LOW HITPOINT WARNING * * *
Grinder hits you!
You die...

#########
########<......#
..........####.#
........#.#....#
###......#.#.####
....#...#.#.#
#.#....#@..#.#
.......5#..#.#
.(...........#
..(>.#.######
##...#+# .... ...
...


You could see Grinder.

Vanquished Creatures
  An orc priest (D:4)
  Jessica (D:3)
  A bullfrog skeleton (D:4)
  An iguana (D:4)
  2 orc wizards
  A worker ant (D:1)
  5 adders
  A gnoll (D:1)
  3 oozes (D:2)
  2 dart slugs
  13 orcs
  8 giant cockroaches
  8 goblins
  6 hobgoblins
  9 jackals
  11 kobolds
  A ball python (D:1)
  4 bats
  4 frilled lizards
  6 rats
88 creatures vanquished.

Vanquished Creatures (others)
  2 starspawn tentacles (Abyss:1)
2 creatures vanquished.

Grand Total: 90 creatures vanquished

Notes
Turn   | Place    | Note
-------+----------+-------------------------------------------
     0 | Abyss:1  | EvilAliv3 the Draconian Abyssal Knight began the quest for
                  | the Orb.
     0 | Abyss:1  | Reached XP level 1. HP: 19/19 MP: 2/2
    63 | Abyss:1  | Noticed a tentacled starspawn
   112 | Abyss:1  | Noticed a ynoxinul
   126 | D:1      | Escaped the Abyss
   360 | D:1      | Reached * piety under Lugonu
   366 | D:1      | Reached XP level 2. HP: 25/26 MP: 3/3
   842 | D:1      | Reached XP level 3. HP: 33/33 MP: 3/5
  1153 | D:1      | Reached skill level 4 in Fighting
  1536 | D:2      | Reached XP level 4. HP: 37/40 MP: 6/6
  2102 | D:3      | Reached ** piety under Lugonu
  2542 | D:3      | Noticed Jessica
  2555 | D:3      | Killed Jessica
  2555 | D:3      | Reached XP level 5. HP: 34/47 MP: 7/7
  3155 | D:3      | Noticed Sigmund
  3326 | D:3      | Found a blossoming altar of Fedhas.
  3327 | D:3      | Found an ancient bone altar of Kikubaaqudgha.
  3797 | D:4      | Reached skill level 5 in Fighting
  4153 | D:4      | Noticed a phantom
  4196 | D:4      | Found a basalt altar of Yredelemnul.
  4316 | D:4      | Reached XP level 6. HP: 49/56 MP: 9/9
  4549 | D:4      | Noticed Blork the orc
  4583 | D:5      | Entered Level 5 of the Dungeon
  4599 | D:5      | Noticed Grinder
  4621 | D:5      | Slain by Grinder

Vault maps used:
D:1:      dpeg_arrival_orchard, chequers_garden
D:3:      grunt_temple_overflow_growth_and_decay, uniq_sigmund, uniq_jessica
D:4:      lemuel_doored_altar, minmay_fountain_box, uniq_blork_the_orc
D:5:      minmay_temple_entry_stoned_glass, first_ration, grunt_ministairs_11,
          uniq_grinder, uniq_ijyb

Skill      XL: |  1  2  3  4  5 |
---------------+----------------+-----
Fighting       | 4 5 |  5.2
Invocations    | 3 4 |  4.5
Dodging        | 3 |  3.9
Long Blades    | |  2.0

Action                   |  1- 3 |  4- 6 || total
-------------------------+-------+-------++-------
Melee: Falchion          |    75 |   185 ||   260
       Tailslap          |    12 |    27 ||    39
 Fire: Blowgun           |       |    18 ||    18
Invok: Depart the Abyss  |     1 |       ||     1
  Use: Potion            |     1 |       ||     1
       Scroll            |       |     3 ||     3
  Eat: Chunk             |     1 |     7 ||     8
       Ration            |       |     1 ||     1
Armor: Skin              |    27 |    52 ||    79
Dodge: Dodged            |    49 |   149 ||   198
       Rpst.: Falchion   |    24 |    43 ||    67

Table legend:
 A = Non-vault XP
 B = Vault XP
 C = Vault XP percentage of total XP
 D = Non-vault monster count
 E = Vault monster count
 F = Vault count percentage of total count
                 A         B        C        D         E       F
            +---------+---------+-------+---------+---------+-------
      Total |     454 |      37 |   7.5 |      86 |       1 |   1.1
            +---------+---------+-------+---------+---------+-------
        D:1 |      85 |       0 |   0.0 |      25 |       0 |   0.0
        D:2 |      58 |       0 |   0.0 |      18 |       0 |   0.0
        D:3 |     145 |      37 |  20.3 |      30 |       1 |   3.2
        D:4 |     166 |       0 |   0.0 |      13 |       0 |   0.0
            +---------+---------+-------+---------+---------+-------
